 Dungeon Crawl Stone Soup version 0.29-a0-994-gc5c9f59d18 (webtiles) character file.

Game seed: 15426385884312553998

185 leavemydog the Chopper (level 5, -4/47 HPs)
             Began as a Hill Orc Fighter on Aug 3, 2022.
             Slain by a lemure (8 damage)
             ... led by Pikel
             ... on level 3 of the Dungeon.
             The game lasted 00:03:55 (3027 turns).

leavemydog the Chopper (Hill Orc Fighter)           Turns: 3027, Time: 00:03:56

Health: -4/47      AC: 10    Str: 21    XL:     5   Next: 64%
Magic:  5/5        EV:  9    Int:  8    God:
Gold:   164        SH:  4    Dex: 10    Spells: 4/4 levels left

rFire   . . .      SeeInvis .   a - +0 war axe
rCold   . . .      Faith    .   c - +0 buckler
rNeg    . . .      Spirit   .   b - +0 scale mail
rPois   .          Reflect  .   o - +2 helmet
rElec   .          Harm     .   (no cloak)
rCorr   .          Rampage  .   (no gloves)
Will    .....                   (no boots)
Stlth   ..........              g - amulet of the acrobat
HPRegen 0.15/turn               (no ring)
MPRegen 0.09/turn               (no ring)

@: no status effects
A: no striking features
a: no special abilities


You were on level 3 of the Dungeon.
You visited 1 branch of the dungeon, and saw 4 of its levels.

You collected 164 gold pieces.

Inventory:

Hand Weapons
 a - a +0 war axe (weapon)
Armour
 b - a +0 scale mail (worn)
 c - a +0 buckler (worn)
 o - a +2 helmet (worn)
Jewellery
 g - an amulet of the acrobat (around neck)
 j - a ring of fire
 t - a ring of ice
Scrolls
 f - a scroll of teleportation {unknown}
 i - a scroll of amnesia {unknown}
 k - a scroll of silence {unknown}
 l - a scroll of identify {unknown}
 n - a scroll of magic mapping {unknown}
 p - a scroll of noise {unknown}
 s - a scroll of immolation
Potions
 d - a potion of might
 e - 2 potions of heal wounds {unknown}
 h - a potion of mutation {unknown}
 m - 3 potions of curing {unknown}
 r - a potion of cancellation {unknown}


   Skills:
 + Level 4.4 Fighting
 * Level 5.6 Axes
 + Level 4.2 Armour
 + Level 3.9 Shields


You had 4 spell levels left.
You didn't know any spells.
Your spell library contained the following spells:

 Spells                   Type           Power      Damage    Failure   Level
 Poisonous Vapours        Pois/Air       0%         N/A       92%         2
 Sublimation of Blood     Necr           0%         N/A       92%         2
 Corpse Rot               Necr/Pois/Air  0%         N/A       100%        4
 Petrify                  Tmut/Erth      0%         N/A       100%        4
 Irradiate                Conj/Tmut      0%         3d11      100%        5


Dungeon Overview and Level Annotations

Branches:
Dungeon (4/15)
 Temple: D:4-7

Altars:

Shops:
D:1 =

Annotations:
D:3 Pikel


Message History

Pikel is heavily wounded.
You slash the lemure! x2; Pikel hits you but does no damage.
The lemure hits you but does no damage. You block the lemure's attack.
You hit Pikel.
Pikel is heavily wounded.
You closely miss the lemure. x2; You block Pikel's attack.
You block the lemure's attack. The lemure barely misses you.
You closely miss Pikel.
Pikel is heavily wounded.
You closely miss the lemure. You hit the lemure but do no damage.
Pikel hits you but does no damage.
The lemure hits you but does no damage. x2
Pikel hits you with a +0 whip of flaming.
Pikel burns you. The lemure barely misses you. You block the lemure's attack.
You closely miss Pikel.
Pikel is heavily wounded.
You hit the lemure but do no damage. You hit the lemure.
Pikel hits you with a +0 whip of flaming.
Pikel burns you. The lemure hits you but does no damage. The lemure hits you.
You closely miss Pikel.
Pikel is heavily wounded.
You hit the lemure. x2; Pikel hits you but does no damage.
The lemure hits you but does no damage. You block the lemure's attack.
You slash Pikel!
Pikel is severely wounded.
You closely miss the lemure. x2
Pikel hits you with a +0 whip of flaming!
Pikel burns you.
* * * LOW HITPOINT WARNING * * *
The lemure hits you but does no damage. The lemure closely misses you.
You miss Pikel.
Pikel is severely wounded.
You closely miss the lemure. x2
Pikel hits you with a +0 whip of flaming!
* * * LOW HITPOINT WARNING * * *
Pikel burns you.
* * * LOW HITPOINT WARNING * * *
The lemure hits you but does no damage. x2
Pikel scowls and wipes his hands on his robe.
Pikel closely misses you. The lemure hits you!
You die...

...........#...#
...........##..#
...........##..##
.############...# ##
#.....###..##
#.###.###...# #.#
#.......# #.#
#####.55###########
######.##
#.K@..........#
........#
###.#######.###
........# #...#.......#
........# #.###.#######
........# #.# #.#...#
........######.# #.#.#.#
........'......###.....#
........#########....###
........#.......#.###.#


You could see Pikel and 2 lemures.

Vanquished Creatures
  A centaur (D:3)
  6 adders
  3 worms
  A dart slug (D:3)
  An orc (D:3)
  A giant cockroach (D:3)
  6 goblins
  3 hobgoblins
  2 quokkas (D:1)
  5 ball pythons
  3 bats (D:2)
  A frilled lizard (D:2)
  4 kobolds
  5 rats
42 creatures vanquished.

Notes
Turn   | Place    | Note
-------+----------+-------------------------------------------
     0 | D:1      | leavemydog the Hill Orc Fighter began the quest for the
                  | Orb.
     0 | D:1      | Reached XP level 1. HP: 19/19 MP: 1/1
   138 | D:1      | Reached XP level 2. HP: 27/27 MP: 2/2
   161 | D:1      | Reached skill level 3 in Axes
   358 | D:1      | Found a faded altar of an unknown god.
   653 | D:1      | Found Saaloter's Jewellery Shop.
   855 | D:2      | Reached XP level 3. HP: 33/33 MP: 3/3
  1744 | D:3      | Reached skill level 4 in Axes
  1744 | D:3      | Reached XP level 4. HP: 25/40 MP: 4/4
  2154 | D:3      | Noticed a centaur
  2166 | D:3      | Killed a centaur
  2167 | D:3      | Reached skill level 5 in Axes
  2167 | D:3      | Reached XP level 5. HP: 22/47 MP: 5/5
  3015 | D:4      | Noticed Pikel
  3015 | D:4      | Noticed a lemure
  3015 | D:4      | Noticed a lemure
  3015 | D:4      | Noticed a lemure
  3015 | D:4      | Noticed a lemure
  3027 | D:3      | Slain by a lemure

Illustrated notes

Levels and vault maps discovered:
D:1:      dpeg_arrival_court, layout_basic, serial_shops, nicolae_shop_stone,
          hellmonk_ecumenical_altar_blasted
D:2:      layout_loops_ring, minmay_vboxes
D:3:      layout_basic, minmay_misc_feat_rugged, grunt_decor_junction
D:4:      layout_loops_ring, minmay_ruined_shrine, uniq_pikel, uniq_eustachio,
          uniq_sigmund, uniq_menkaure

Skill      XL: |  1  2  3  4 |
---------------+-------------+-----
Axes           | 3 4 5 |  5.6
Fighting       | 4 |  4.4
Armour         | 4 |  4.2
Shields        | |  3.9

Action                   |  1- 3 |  4- 6 || total
-------------------------+-------+-------++-------
Melee: War axe           |    98 |    67 ||   165
  Use: Scroll            |       |     2 ||     2
Armor: Scale mail        |    42 |    41 ||    83
Dodge: Dodged            |    65 |    51 ||   116
Block: Buckler           |    32 |    23 ||    55

Table legend: (Time is in decaauts)
 A = Elapsed time spent in this place.
 B = Non-inter-level travel time spent in this place.
 C = Inter-level travel time spent in this place.
 D = Time resting spent in this place.
 E = Time spent auto-exploring this place.
 F = Levels seen in this place.
 G = Mean time per level.
                   A        B        C        D        E       F      G
               +--------+--------+--------+--------+--------+-----+--------+
         Total |   3082 |   2984 |     98 |    307 |   2294 |   4 |  770.5 |
       Dungeon |   3082 |   2984 |     98 |    307 |   2294 |   4 |  770.5 |
               +--------+--------+--------+--------+--------+-----+--------+

Top non-repeatable levels by time:
     D:3: 1362 daAuts
     D:2: 950 daAuts
     D:1: 766 daAuts
     D:4: 2 daAuts
